 Dungeon Crawl Stone Soup version 0.19.1 (webtiles) character file.

135 ImaNewbie the Chopper (level 5, -12/41 HPs)
             Began as a Formicid Abyssal Knight on Dec 20, 2016.
             Was a Follower of Lugonu.
             Mangled by an ogre
             ... wielding a +0 giant spiked club
              (24 damage)
             ... on level 3 of the Dungeon.
             The game lasted 00:04:34 (1935 turns).

ImaNewbie the Chopper (Formicid Abyssal Knight)     Turns: 1935, Time: 00:04:34

Health: -12/41     AC:  6    Str: 17    XL:     5   Next: 42%
Magic:  6/6        EV:  9    Int: 12    God:    Lugonu [*.....]
Gold:   108        SH:  5    Dex: 10    Spells: 0 memorised, 4 levels left

rFire  . . .     SeeInvis +     a - +1 hand axe
rCold  . . .     Gourm    .     l - +0 scale mail
rNeg   . . .     Faith    .     (no shield)
rPois  .         Spirit   .     (helmet unavailable)
rElec  .         Reflect  +     (no cloak)
rCorr  .         Harm     .     (no gloves)
MR     .....                    (no boots)
Stlth  ..........               d - +5 amulet of reflection
                                (no ring)
                                (no ring)

@: no status effects
A: permanent stasis, dig shafts and tunnels, four strong arms, antennae 3
a: Dig, Shaft Self, Depart the Abyss, Renounce Religion


You were on level 3 of the Dungeon.
You worshipped Lugonu.
Lugonu was aware of your devotion.
You were not hungry.

You visited 1 branch of the dungeon, and saw 3 of its levels.
You visited the Abyss 1 time.

You collected 108 gold pieces.

Inventory:

Hand Weapons
 a - a +1 hand axe (weapon)
Missiles
 o - 4 needles of confusion
Armour
 l - a +0 scale mail (worn)
 s - a +0 buckler
Jewellery
 d - a +5 amulet of reflection (around neck)
 n - an uncursed ring of flight {unknown}
Scrolls
 e - a scroll of remove curse {unknown}
 g - a scroll of recharging {unknown}
 h - 2 scrolls of random uselessness {unknown}
 j - a scroll of amnesia {unknown}
 k - a scroll of identify {unknown}
 r - a scroll of magic mapping {unknown}
Potions
 f - a potion of curing
 p - a potion of agility {unknown}
 q - a potion of magic {unknown}
Comestibles
 b - 5 chunks of flesh
 c - 2 bread rations
 i - 5 meat rations
 m - a slice of pizza


   Skills:
 - Level 3.2 Fighting
 + Level 5.2 Axes
 - Level 2.1 Armour
 - Level 0.8 Dodging
 - Level 2.1 Invocations


You had 4 spell levels left.
You didn't know any spells.

Dungeon Overview and Level Annotations

Branches:
Dungeon (3/15)

Altars:
Elyvilon
Zin


Innate Abilities, Weirdness & Mutations

You are under a permanent stasis effect.
You can dig through walls and to a lower floor.
Your four strong arms can wield two-handed weapons with a shield.
You have a pair of large antennae on your head. (SInv)


Message History

You hear the brisk rusting of a distant drain.
You closely miss the orc. You hit the plant but do no damage.
The orc priest calls down the wrath of Beogh upon you.
Beogh smites you! You block the orc's attack.
The ogre hits you with a giant spiked club.
The orc priest misses you.
You slash the orc priest!
The orc priest is severely wounded.
You hit the ogre. You hit the orc. The orc barely misses you.
The orc priest barely misses you.
The ogre hits you with a giant spiked club!
* * * LOW HITPOINT WARNING * * *
It was a potion of curing.
You feel better.
f - a potion of curing;
l - a +0 scale mail (worn)
The orc hits you but does no damage. You block the orc priest's attack.
You hit the ogre but do no damage. You hit the orc. You hit the orc priest.
The ogre hits you with a giant spiked club!!
Ouch! That really hurt!
You die...

P....##.#...###...###.
P.P..#o@oP..).._.....P
♣♣♣♣PPP#O#...###...###..
♣P....##o#####.##.##
♣♣.P.#....{....(.#(# # .P
♣.P.##.#####....##.# #
....P♣P.....#####....#... #
.....P.####.##...♣.♣.# P. ######
.......>..#)##.##♣.♣.# #....#
.......##.#)....#♣.♣.##.###.##.#
...............##♣.♣............
........#{....###
♣.♣.#######.#.. .#......#{###.#
♣.♣.# #####.### .....o#.{{#
#.#####...###.....# # .....#..##
#.............##### # #...#..##
#######......## ### ..#...#...#
#.......# #..


You could see an ogre, 2 orc priests and an orc.

Vanquished Creatures
  An orc priest (D:3)
  An orc wizard (D:3)
  A hound zombie (D:3)
  3 adders (D:3)
  3 orcs (D:3)
  2 giant cockroaches
  2 goblins
  4 hobgoblins
  2 jackals (D:1)
  A ball python (D:1)
  5 bats
  4 frilled lizards
  3 kobolds
  6 rats
38 creatures vanquished.

Notes
Turn   | Place    | Note
-------+----------+-------------------------------------------
     0 | Abyss:1  | ImaNewbie the Formicid Abyssal Knight began the quest for the Orb.
     0 | Abyss:1  | Reached XP level 1. HP: 18/18 MP: 2/2
    30 | Abyss:1  | Noticed a thrashing horror
    31 | Abyss:1  | Noticed a ynoxinul
    32 | D:1      | Escaped the Abyss
   157 | D:1      | Reached XP level 2. HP: 22/24 MP: 3/3
   326 | D:1      | Reached * piety under Lugonu
   531 | D:1      | Reached skill level 3 in Axes
  1134 | D:2      | Reached XP level 3. HP: 26/29 MP: 4/4
  1140 | D:2      | Found a glowing silver altar of Zin.
  1583 | D:3      | Noticed an ogre
  1621 | D:3      | Reached skill level 4 in Axes
  1621 | D:3      | Reached XP level 4. HP: 32/35 MP: 5/5
  1664 | D:3      | Found a white marble altar of Elyvilon.
  1820 | D:3      | Reached XP level 5. HP: 28/41 MP: 6/6
  1897 | D:3      | Reached skill level 5 in Axes
  1935 | D:3      | Mangled by an ogre

Skill      XL: |  1  2  3  4  5 |
---------------+----------------+-----
Axes           | 3 4 5 |  5.2
Fighting       | |  3.2
Armour         | |  2.1
Dodging        | |  0.8
Invocations    | |  2.1

Action                   |  1- 3 |  4- 6 || total
-------------------------+-------+-------++-------
Melee: Hand axe          |    95 |    74 ||   169
Invok: Depart the Abyss  |     1 |       ||     1
  Use: Potion            |       |     1 ||     1
  Eat: Chunk             |     2 |     1 ||     3
Armor: Leather armour    |     9 |       ||     9
       Ring mail         |    23 |       ||    23
       Scale mail        |     3 |    38 ||    41
Dodge: Dodged            |    44 |    40 ||    84
Block: Other             |    20 |    23 ||    43
